 Dungeon Crawl Stone Soup version 0.29-a0-82-g837932c90e (webtiles) character file.

Game seed: 6034520955420611060

258 cyrus the Shield-Bearer (level 6, -13/49 HPs)
             Began as a Formicid Fighter on Feb 4, 2022.
             Was a Believer of Uskayaw.
             Mangled by an ice beast (14 damage)
             ... on level 3 of the Dungeon.
             The game lasted 00:06:11 (2980 turns).

cyrus the Shield-Bearer (Formicid Fighter)          Turns: 2980, Time: 00:06:11

Health: -13/49     AC:  7    Str: 22    XL:     6   Next: 40%
Magic:  6/6        EV: 10    Int:  8    God:    Uskayaw [**....]
Gold:   72         SH:  4    Dex: 10    Spells: 5/5 levels left

rFire   . . .      SeeInvis +   a - +0 long sword
rCold   . . .      Faith    .   c - +0 buckler
rNeg    . . .      Spirit   .   f - +0 acid dragon scales
rPois   .          Reflect  .   (helmet unavailable)
rElec   .          Harm     .   (no cloak)
rCorr   +          Rampage  .   (no gloves)
Will    .....                   (no boots)
Stlth   +.........              (no amulet)
HPRegen 0.16/turn               (no ring)
MPRegen 0.10/turn               (no ring)

@: mighty
A: permanent stasis, dig shafts and tunnels, antennae 3, four strong arms
a: Dig, Shaft Self, Renounce Religion, Stomp, Line Pass


You were on level 3 of the Dungeon.
You worshipped Uskayaw.
Uskayaw was noncommittal.
You visited 1 branch of the dungeon, and saw 3 of its levels.

You collected 72 gold pieces.

Inventory:

Hand Weapons
 a - a +0 long sword (weapon)
 j - a +0 scythe
Armour
 b - a +0 scale mail
 c - a +0 buckler (worn)
 f - +0 acid dragon scales (worn)
Jewellery
 k - an amulet of faith
Scrolls
 e - 3 scrolls of identify {unknown}
 g - a scroll of torment {unknown}
 h - a scroll of blinking {unknown}
Potions
 d - a potion of curing {unknown}
 i - a potion of attraction {unknown}
 m - a potion of heal wounds {unknown}


   Skills:
 + Level 4.4 Fighting
 + Level 4.0 Long Blades
 + Level 4.4 Armour
 + Level 0.5 Dodging
 + Level 1.0 Stealth
 + Level 4.5 Shields


You had 5 spell levels left.
You didn't know any spells.
Your spell library was empty.

Dungeon Overview and Level Annotations

Branches:
Dungeon (3/15)

Altars:
Uskayaw


Innate Abilities, Weirdness & Mutations

You cannot be hasted, slowed, berserked, paralysed or teleported.
You can dig through walls and to a lower floor.
You have a pair of large antennae on your head. (SInv)
Your four strong arms can wield two-handed weapons with a shield.


Message History

You kill the orc!
Things that are here:
a +0 flail; an orc corpse HP restored.
As you open the door, it creaks loudly!
An ice beast comes into view.
There is an open door here.
You feel very mighty all of a sudden. The ice beast hits you.
The ice beast freezes you! The ice beast hits you. The ice beast freezes you.
You barely miss the ice beast.
The ice beast hits you but does no damage.
You barely miss the ice beast.
The ice beast hits you but does no damage.
The ice beast hits you. The ice beast freezes you!
You hit the ice beast but do no damage. The ice beast barely misses you.
You slash the ice beast!
The ice beast is heavily wounded.
The ice beast hits you. The ice beast freezes you!
* * * LOW HITPOINT WARNING * * *
You barely miss the ice beast.
The ice beast is heavily wounded.
The ice beast hits you but does no damage.
You slash the ice beast!
The ice beast is severely wounded.
The ice beast closely misses you.
The ice beast hits you but does no damage.
You can now pass through a line of other dancers.
You hit the ice beast.
The ice beast is almost dead.
The ice beast hits you.
* * * LOW HITPOINT WARNING * * *
The ice beast freezes you.
* * * LOW HITPOINT WARNING * * *
You hit the ice beast.
The ice beast is almost dead.
The ice beast hits you.
* * * LOW HITPOINT WARNING * * *
The ice beast freezes you!
You die...

.# .##.. .##..
.##..
.##..#+#+###
##.##........#
#<.##........# {
#..##........# {
#..##...@Y...# {
#..##........#
###..##..#'#+###
{+....##[.#.#
###.###..#.# {{
#.# #..#.# #.#
#..#.# #.#
#....# #.#
##)###{


You could see an ice beast.

Vanquished Creatures
  Sigmund (D:2)
  Natasha (thrice) (D:2)
  A worm (D:2)
  A dart slug (D:1)
  An orc (D:3)
  4 endoplasms
  A goblin (D:2)
  2 hobgoblins
  6 kobolds
  2 quokkas
  A ball python (D:1)
  A frilled lizard (D:1)
  5 rats
29 creatures vanquished.

Vanquished Creatures (others)
  2 plants (D:1)
2 creatures vanquished.

Grand Total: 31 creatures vanquished

Notes
Turn   | Place    | Note
-------+----------+-------------------------------------------
     0 | D:1      | cyrus the Formicid Fighter began the quest for the Orb.
     0 | D:1      | Reached XP level 1. HP: 18/18 MP: 1/1
   334 | D:1      | Reached XP level 2. HP: 24/24 MP: 2/2
   362 | D:1      | Found a faded altar of an unknown god.
   375 | D:1      | Prayed at the altar of an unknown god.
   375 | D:1      | Became a worshipper of Uskayaw the Reveller
   375 | D:1      | Reached * piety under Uskayaw
  1828 | D:2      | Reached XP level 3. HP: 18/21 MP: 3/3
  1829 | D:2      | Reached ** piety under Uskayaw
  1905 | D:2      | Noticed Natasha
  1909 | D:2      | Noticed Sigmund
  1911 | D:2      | Killed Natasha
  1925 | D:2      | Killed Sigmund
  1926 | D:2      | Reached XP level 4. HP: 19/37 MP: 4/4
  1926 | D:2      | Reached XP level 5. HP: 22/42 MP: 5/5
  1926 | D:2      | Reached XP level 6. HP: 25/48 MP: 6/6
  2078 | D:2      | Noticed Natasha
  2085 | D:2      | Killed Natasha
  2541 | D:2      | Reached skill level 1 in Stealth
  2746 | D:2      | Noticed Natasha
  2767 | D:2      | Killed Natasha
  2968 | D:3      | Noticed an ice beast
  2980 | D:3      | HP: 1/49 [ice beast (2)]
  2980 | D:3      | Mangled by an ice beast

Illustrated notes

Levels and vault maps discovered:
D:1:      lightli_molten_gateway, layout_loops_corners,
          ebering_ecumenical_altar_webs, serial_forest, infiniplex_forest_end_2,
          infiniplex_forest_straight_4, infiniplex_forest_end_2,
          infiniplex_forest_lined_3, infiniplex_forest_straight_1,
          infiniplex_forest_straight_5, infiniplex_forest_lined_2
D:2:      layout_basic, uniq_sigmund, uniq_natasha
D:3:      layout_basic, nemelex_dance_club_becter, grunt_decor_mini_mirrors,
          uniq_jessica, uniq_robin, uniq_grinder

Skill      XL: |  1  2  3  4  5  6 |
---------------+-------------------+-----
Shields        | 4 |  4.5
Fighting       | 4 |  4.4
Long Blades    | 3 4 |  4.0
Armour         | 4 |  4.4
Stealth        | 1 |  1.0
Dodging        | |  0.5

Action                   |  1- 3 |  4- 6 || total
-------------------------+-------+-------++-------
Melee: Long sword        |    58 |    44 ||   102
Invok: Stomp             |       |     1 ||     1
 Abil: Dig               |     3 |       ||     3
  Use: Potion            |     2 |     2 ||     4
Armor: Acid dragon scale |    24 |    26 ||    50
       Scale mail        |     1 |       ||     1
Dodge: Dodged            |    29 |    17 ||    46
Block: Buckler           |    10 |     8 ||    18

Table legend: (Time is in decaauts)
 A = Elapsed time spent in this place.
 B = Non-inter-level travel time spent in this place.
 C = Inter-level travel time spent in this place.
 D = Time resting spent in this place.
 E = Time spent auto-exploring this place.
 F = Levels seen in this place.
 G = Mean time per level.
                   A        B        C        D        E       F      G
               +--------+--------+--------+--------+--------+-----+--------+
         Total |   3008 |   3004 |      4 |    827 |   1628 |   3 | 1002.7 |
       Dungeon |   3008 |   3004 |      4 |    827 |   1628 |   3 | 1002.7 |
               +--------+--------+--------+--------+--------+-----+--------+

Top non-repeatable levels by time:
     D:1: 1597 daAuts
     D:2: 1356 daAuts
     D:3: 53 daAuts
